 Dungeon Crawl Stone Soup version 0.24.0-41-g2ae2f7f1be (webtiles) character file.

Game seed: 991181278309132353, levelgen mode: deterministic

12415 FishyPogo the Thaumaturge (level 11, -3/86 HPs)
             Began as a Gnoll Skald on Dec 14, 2019.
             Was a High Priest of Dithmenos.
             Slain by a spiny frog (12 damage)
             ... on level 1 of the Lair of Beasts.
             The game lasted 00:47:02 (9660 turns).

FishyPogo the Thaumaturge (Gnoll Skald)             Turns: 9660, Time: 00:47:04

Health: -3/86      AC:  9    Str: 18    XL:     11   Next: 93%
Magic:  10/23      EV: 16    Int: 17    God:    Dithmenos [*****.]
Gold:   801        SH:  0    Dex: 14    Spells: 4/26 levels left

rFire    + . .     SeeInvis .   G - +2 scimitar (flame)
rCold    x . .     Gourm    .   (no shield)
rNeg     . . .     Faith    .   L - +0 troll leather armour
rPois    .         Spirit   .   I - +2 hat
rElec    .         Reflect  .   s - +0 cloak
rCorr    +         Harm     .   B - +0 pair of gloves "Mehicvea" {Int+2}
MR       .....                  (no boots)
Stlth    +++++.....             r - amulet of the acrobat
HPRegen  1.64/turn              l - ring of fire (curse)
MPRegen  0.18/turn              F - ring of resist corrosion

@: singing, regenerating, wreathed by umbra
A: distributed training, fangs 1, strong nose
a: Shadow Step, Shadow Form, Renounce Religion


You were on level 1 of the Lair of Beasts.
You worshipped Dithmenos.
Dithmenos was extremely pleased with you.
You were hungry.

You visited 2 branches of the dungeon, and saw 13 of its levels.

You collected 801 gold pieces.

Inventory:

Hand Weapons
 a - a +4 short sword
 b - a +1 falchion of holy wrath
 v - a +3 scimitar
 G - a +2 scimitar of flaming (weapon)
Missiles
 h - 423 stones
 j - 6 silver boomerangs
 t - 4 boomerangs (quivered)
 y - 8 javelins
 C - 3 throwing nets
 J - 51 poisoned darts
Armour
 s - a +0 cloak (worn)
 B - the +0 pair of gloves "Mehicvea" (worn) {Int+2}
   (You found it on level 6 of the Dungeon)

   It affects your intelligence (+2).
 D - a +0 leather armour
 I - a +2 hat (worn)
 L - a +0 troll leather armour (worn)
 M - a +2 robe of positive energy
Jewellery
 l - a cursed ring of fire (left hand)
 r - an amulet of the acrobat (around neck)
 F - a ring of resist corrosion (right hand)
Wands
 e - a wand of acid (6)
 w - a wand of digging (6)
 A - a wand of clouds (5)
 H - a wand of enslavement (14)
Scrolls
 c - 3 scrolls of fear
 n - 9 scrolls of remove curse
 o - 10 scrolls of identify
 q - 4 scrolls of teleportation
 u - a scroll of magic mapping
 x - 3 scrolls of blinking
 N - a scroll of amnesia
Potions
 f - 3 potions of lignification {unknown}
 g - 4 potions of heal wounds
 i - a potion of brilliance {unknown}
 k - 3 potions of haste
 m - a potion of invisibility {unknown}
 p - 3 potions of curing
 z - a potion of berserk rage
 E - a potion of ambrosia {unknown}
 K - a potion of flight {unknown}
 O - a potion of might {unknown}
 Q - a potion of resistance
Miscellaneous
 P - a fan of gales
Comestibles
 d - 32 rations


   Skills:
 + Level 8.1 Fighting
 + Level 8.1 Short Blades
 + Level 6.6 Long Blades
 + Level 6.6 Axes
 + Level 6.6 Maces & Flails
 + Level 6.6 Polearms
 + Level 6.6 Staves
 + Level 6.6 Slings
 + Level 6.6 Bows
 + Level 6.6 Crossbows
 + Level 6.6 Throwing
 + Level 7.2 Armour
 + Level 8.1 Dodging
 + Level 6.6 Stealth
 + Level 6.6 Shields
 + Level 6.6 Unarmed Combat
 + Level 8.4 Spellcasting
 + Level 5.5 Conjurations
 + Level 5.5 Hexes
 + Level 7.8 Charms
 + Level 5.5 Summonings
 + Level 5.5 Necromancy
 + Level 5.5 Translocations
 + Level 5.5 Transmutations
 + Level 5.5 Fire Magic
 + Level 5.5 Ice Magic
 + Level 5.5 Air Magic
 + Level 5.5 Earth Magic
 + Level 5.5 Poison Magic
 + Level 7.3 Invocations
 + Level 6.6 Evocations


You had 4 spell levels left.
You knew the following spells:

 Your Spells              Type           Power        Failure   Level  Hunger
a - Magic Dart            Conj           ####         1%          1    None
c - Mephitic Cloud        Conj/Pois/Air  ####....     3%          3    #......
h - Regeneration          Chrm/Necr      ####......   2%          3    #......
j - Conjure Flame         Conj/Fire      #####...     3%          3    #......
l - Summon Lightning Spi  Summ/Air       ####....     12%         4    ###....
n - Spectral Weapon       Hex/Chrm       ####....     2%          3    #......
p - Shroud of Golubria    Chrm/Tloc      ####..       1%          2    None
u - Song of Slaying       Chrm           ####....     1%          2    None
y - Infusion              Chrm           ####         1%          1    None

Your spell library contained the following spells:

 Spells                   Type           Power        Failure   Level  Hunger
 Animate Skeleton         Necr           N/A          1%          1    None
 Apportation              Tloc           ####..       1%          1    None
 Confusing Touch          Hex            ####..       1%          1    None
 Summon Small Mammal      Summ           ####         1%          1    None
 Blink                    Tloc           N/A          1%          2    None
 Call Imp                 Summ           ####....     1%          2    None
 Slow                     Hex            ####....     1%          2    None
 Call Canine Familiar     Summ           ####....     3%          3    #......
 Summon Guardian Golem    Hex/Summ       ####....     3%          3    #......
 Summon Ice Beast         Ice/Summ       ####....     12%         4    ###....


Dungeon Overview and Level Annotations

Branches:
Dungeon (11/15)            Temple (0/1) D:7            Lair (2/6) D:10
  Swamp: Lair:2-4    Shoals: Lair:2-4     Snake: Lair:2-4    Spider: Lair:2-4
    Orc: D:9-12

Altars:
Dithmenos
Fedhas
Gozag
Hepliaklqana
Makhleb
Qazlal
Sif Muna
Trog
Vehumet
Xom
The Shining One

Shops:
D:7 (   D:9 =

Portals:
Trove: D:10 (give horn of Geryon)


Innate Abilities, Weirdness & Mutations

Your experience applies equally to all skills.
You have very sharp teeth.
Your uncanny sense of smell can sniff out nearby items.


Message History

The spiny frog barely misses you.
It was a potion of heal wounds.
You feel much better. The spiny frog stings you!!
* * * LOW HITPOINT WARNING * * *
You are poisoned.
The spiny frog poisons you! The spiny frog stings you!
* * * LOW HITPOINT WARNING * * *
You feel better. The spiny frog barely misses you.
The spiny frog closely misses you.
Casting: Shroud of Golubria (safe; 1% risk of failure)
Confirm with . or Enter, or press ? or * to list all spells.
Aiming: Summon Lightning Spire (safe; 12% risk of failure)
Press: ? - help, Dir - move target cursor An electric hum fills the air.
The spiny frog barely misses you.
You riposte.
You barely miss the spiny frog.
The spiny frog is heavily wounded.
The spiny frog stings you.
* * * LOW HITPOINT WARNING * * *
The spiny frog stings you!
You die...

..........###P###..........#
..........................##
...........................#P.
....♣♣.........................
...♣♣
♣......................... ...♣
..........###+###....... ....♣
...........S...P#......P ......
.......8FF#....≈#.P.≈≈≈≈ ......
........@.#≈≈.≈≈#≈≈≈≈≈≈≈ .....
..........###..## ≈≈≈≈≈
..........≈≈≈.≈≈≈≈≈≈≈
.........≈≈≈≈.≈≈≈≈≈≈≈
........≈≈≈≈≈.≈≈≈≈≈≈≈
.....P≈≈≈≈≈≈.≈≈SP...
#$...≈≈≈≈≈≈≈.P≈.≈..P
#...P≈≈≈≈≈≈...###### ≈≈≈≈≈^..≈#


You could see a black mamba, 2 spiny frogs and a friendly lightning spire.

Vanquished Creatures
  The ghost of Ariptu the Basher, a journeyman MiFi of Okawaru (D:11)
  Erolcha (D:9)
  Harold (D:7)
  A hydra (Lair:1)
  A two-headed ogre (D:9)
  Erica (D:10)
  An elephant (D:10)
  A spiny frog (Lair:1)
  A centaur skeleton (D:11)
  4 komodo dragons (Lair:1)
  A tengu conjurer (D:10)
  A hornet (D:10)
  2 trolls
  3 yaks
  A wyvern (Lair:1)
  3 basilisks
  A hungry ghost (D:11)
  Menkaure (D:6)
  4 water moccasins
  An orc warrior (D:7)
  2 phantoms
  A black bear (D:11)
  A sky beast (D:8)
  2 ice beasts
  7 ogres
  5 centaurs
  A big kobold (D:8)
  Blork the orc (D:6)
  7 bullfrogs
  3 scorpions
  14 wights
  3 killer bees (D:9)
  An electric eel (Lair:1)
  5 howler monkeys
  2 crimson imps (D:9)
  2 bullfrog zombies (D:11)
  2 quasits
  3 hounds
  A jelly (D:6)
  3 orc priests
  Crazy Yiuf (D:3)
  A bullfrog skeleton (D:9)
  5 orc wizards
  An iguana (D:11)
  2 worker ants
  2 hound skeletons
  4 gnolls (D:8)
  6 adders
  A howler monkey skeleton (D:11)
  3 oozes
  An adder zombie (D:4)
  An adder skeleton (D:8)
  3 worms
  3 dart slugs
  7 leopard geckos
  12 orcs
  6 bats
  8 giant cockroaches
  7 goblins
  8 hobgoblins
  14 jackals
  6 quokkas
  2 ball pythons
  5 frilled lizards
  13 kobolds
  A leopard gecko skeleton (D:4)
  A quokka skeleton (D:4)
  13 rats
234 creatures vanquished.

Vanquished Creatures (collateral kills)
  Psyche (D:11)
  2 hippogriffs
  2 yaks
  A porcupine (Lair:1)
  An ice beast (D:11)
  A wolf (Lair:1)
  A crocodile (D:10)
  A crimson imp (D:11)
  A jelly (D:11)
  An adder (D:11)
12 creatures vanquished.

Vanquished Creatures (others)
  6 spectral weapons
6 creatures vanquished.

Grand Total: 252 creatures vanquished

Notes
Turn   | Place    | Note
-------+----------+-------------------------------------------
     0 | D:1      | FishyPogo the Gnoll Skald began the quest for the Orb.
     0 | D:1      | Reached XP level 1. HP: 20/20 MP: 6/6
     3 | D:1      | You fall into a shaft and drop 1 floor!
   167 | D:2      | Reached XP level 2. HP: 25/26 MP: 4/7
   177 | D:2      | Learned a level 2 spell: Song of Slaying
   180 | D:2      | Learned a level 2 spell: Shroud of Golubria
   196 | D:2      | Found a shadowy altar of Dithmenos.
   202 | D:2      | Became a worshipper of Dithmenos the Shadowed
   429 | D:2      | Reached skill level 5 in Spellcasting
   429 | D:2      | Reached XP level 3. HP: 31/31 MP: 2/9
   485 | D:1      | Reached skill level 1 in Invocations
   581 | D:1      | Reached * piety under Dithmenos
   609 | D:1      | Learned a level 3 spell: Regeneration
   613 | D:1      | Learned a level 3 spell: Spectral Weapon
   640 | D:1      | Reached skill level 1 in Long Blades
   640 | D:1      | Reached skill level 1 in Axes
   640 | D:1      | Reached skill level 1 in Maces & Flails
   640 | D:1      | Reached skill level 1 in Polearms
   640 | D:1      | Reached skill level 1 in Staves
   640 | D:1      | Reached skill level 1 in Slings
   640 | D:1      | Reached skill level 1 in Bows
   640 | D:1      | Reached skill level 1 in Crossbows
   640 | D:1      | Reached skill level 1 in Throwing
   640 | D:1      | Reached skill level 1 in Stealth
   640 | D:1      | Reached skill level 1 in Shields
   640 | D:1      | Reached skill level 1 in Unarmed Combat
   640 | D:1      | Reached skill level 1 in Evocations
   674 | D:1      | Reached XP level 4. HP: 38/38 MP: 2/11
  1304 | D:2      | Reached skill level 1 in Conjurations
  1304 | D:2      | Reached skill level 1 in Hexes
  1304 | D:2      | Reached skill level 1 in Summonings
  1304 | D:2      | Reached skill level 1 in Necromancy
  1304 | D:2      | Reached skill level 1 in Translocations
  1304 | D:2      | Reached skill level 1 in Transmutations
  1304 | D:2      | Reached skill level 1 in Fire Magic
  1304 | D:2      | Reached skill level 1 in Ice Magic
  1304 | D:2      | Reached skill level 1 in Air Magic
  1304 | D:2      | Reached skill level 1 in Earth Magic
  1304 | D:2      | Reached skill level 1 in Poison Magic
  1521 | D:3      | Reached ** piety under Dithmenos
  1801 | D:3      | Found a stormy altar of Qazlal.
  1842 | D:3      | Reached XP level 5. HP: 41/43 MP: 12/12
  2178 | D:3      | Found a runed translucent door.
  2179 | D:3      | Noticed Crazy Yiuf
  2505 | D:3      | Killed Crazy Yiuf
  2718 | D:4      | Reached XP level 6. HP: 48/50 MP: 4/13
  3008 | D:4      | Reached skill level 5 in Fighting
  3008 | D:4      | Reached skill level 5 in Short Blades
  3008 | D:4      | Reached skill level 5 in Dodging
  3010 | D:4      | Got a faintly glowing helmet
  3016 | D:4      | Identified the cursed +0 helmet of the Sea {Int+2} (You
                  | found it on level 4 of the Dungeon)
  3250 | D:5      | Entered Level 5 of the Dungeon
  3263 | D:5      | Found a bloodstained altar of Trog.
  3270 | D:5      | Noticed a phantom
  3286 | D:5      | Killed a phantom
  3286 | D:5      | Reached XP level 7. HP: 48/56 MP: 10/15
  3578 | D:5      | Found a glowing golden altar of the Shining One.
  3852 | D:5      | Found a radiant altar of Vehumet.
  3952 | D:5      | Found a shimmering blue altar of Sif Muna.
  3954 | D:5      | Found a bloodstained altar of Trog.
  3954 | D:5      | Found a blossoming altar of Fedhas.
  3956 | D:5      | Found a hazy altar of Hepliaklqana.
  3956 | D:5      | Found a shimmering altar of Xom.
  3956 | D:5      | Found an opulent altar of Gozag.
  4174 | D:6      | Reached XP level 8. HP: 62/63 MP: 8/16
  4220 | D:6      | Noticed Menkaure
  4230 | D:6      | Killed Menkaure
  4308 | D:6      | Noticed Blork the orc
  4314 | D:6      | Killed Blork the orc
  4400 | D:6      | Got a pair of crude gloves
  4407 | D:6      | Identified the cursed +0 pair of gloves "Mehicvea" {Int+2}
                  | (You found it on level 6 of the Dungeon)
  4541 | D:7      | Noticed Harold
  4560 | D:7      | Killed Harold
  4560 | D:7      | Reached XP level 9. HP: 29/69 MP: 16/18
  4673 | D:6      | Reached *** piety under Dithmenos
  4736 | D:7      | Found Veijaf's Antique Weapon Shop.
  4754 | D:7      | Reached skill level 5 in Armour
  4839 | D:7      | Found a staircase to the Ecumenical Temple.
  5116 | D:7      | Learned a level 3 spell: Conjure Flame
  5120 | D:7      | Learned a level 3 spell: Mephitic Cloud
  5154 | D:7      | Learned a level 1 spell: Magic Dart
  5184 | D:7      | Reached skill level 5 in Invocations
  5656 | D:8      | Reached XP level 10. HP: 77/77 MP: 20/20
  6110 | D:8      | Reached **** piety under Dithmenos
  6715 | D:9      | Noticed a two-headed ogre
  6730 | D:9      | Killed a two-headed ogre
  6730 | D:9      | Reached skill level 5 in Long Blades
  6730 | D:9      | Reached skill level 5 in Axes
  6730 | D:9      | Reached skill level 5 in Maces & Flails
  6730 | D:9      | Reached skill level 5 in Polearms
  6730 | D:9      | Reached skill level 5 in Staves
  6730 | D:9      | Reached skill level 5 in Slings
  6730 | D:9      | Reached skill level 5 in Bows
  6730 | D:9      | Reached skill level 5 in Crossbows
  6730 | D:9      | Reached skill level 5 in Throwing
  6730 | D:9      | Reached skill level 5 in Stealth
  6730 | D:9      | Reached skill level 5 in Shields
  6730 | D:9      | Reached skill level 5 in Unarmed Combat
  6730 | D:9      | Reached skill level 5 in Evocations
  6844 | D:9      | Noticed Erolcha
  6890 | D:9      | Paralysed by Erolcha for 7 turns
  6905 | D:9      | Killed Erolcha
  7182 | D:9      | Found a burning altar of Makhleb.
  7283 | D:9      | Found Ahufi's Jewellery Emporium.
  7311 | D:9      | Learned a level 4 spell: Summon Lightning Spire
  7555 | D:10     | Entered Level 10 of the Dungeon
  7621 | D:10     | Noticed Erica
  7631 | D:10     | Killed Erica
  7631 | D:10     | Reached XP level 11. HP: 40/84 MP: 16/22
  7775 | D:10     | Found a staircase to the Lair.
  8086 | D:10     | Found a portal to a secret trove of treasure.
  8261 | D:11     | Found a runed translucent door.
  8267 | D:10     | Reached skill level 5 in Conjurations
  8267 | D:10     | Reached skill level 5 in Hexes
  8267 | D:10     | Reached skill level 5 in Summonings
  8267 | D:10     | Reached skill level 5 in Necromancy
  8267 | D:10     | Reached skill level 5 in Translocations
  8267 | D:10     | Reached skill level 5 in Transmutations
  8267 | D:10     | Reached skill level 5 in Fire Magic
  8267 | D:10     | Reached skill level 5 in Ice Magic
  8267 | D:10     | Reached skill level 5 in Air Magic
  8267 | D:10     | Reached skill level 5 in Earth Magic
  8267 | D:10     | Reached skill level 5 in Poison Magic
  8430 | D:11     | Noticed Psyche
  8498 | D:11     | Noticed Ariptu's ghost (journeyman MiFi)
  8511 | D:11     | Reached ***** piety under Dithmenos
  8595 | D:11     | Killed Psyche
  9027 | D:11     | Killed Ariptu's ghost
  9156 | Lair:1   | Entered Level 1 of the Lair of Beasts
  9280 | Lair:1   | You fall into a shaft and drop 1 floor!
  9338 | Lair:1   | Noticed a five-headed hydra
  9346 | Lair:1   | Killed a one-headed hydra
  9654 | Lair:1   | HP: 3/86 [poisoned by a spiny frog]
  9658 | Lair:1   | HP: 1/86 [spiny frog (17)]
  9660 | Lair:1   | Slain by a spiny frog

Levels and vault maps discovered:
D:1:      scummos_arrival_checkerplants, layout_rooms, corner_web_ring
D:2:      layout_basic, lemuel_crystal_altar
D:3:      wad_lake_hut, layout_loops_corners, grunt_qazlal_clouds,
          uniq_crazy_yiuf_cottage
D:4:      layout_loops_ring
D:5:      layout_basic, doesnt_xom_only_xom, lemuel_doored_altar,
          marbit_many_paths, bloody_trog, first_ration
D:6:      layout_rooms, uniq_menkaure, uniq_blork_the_orc
D:7:      layout_loops_ring, minmay_temple_entry_trees, serial_shops, shop,
          uniq_harold
D:8:      layout_layer_cave
D:9:      layout_long_grid, makhleb_grotto_becter, serial_shops, shop,
          uniq_erolcha
D:10:     layout_rooms, david_lair_generic, nicolae_trove_entry_columns,
          grunt_tengu_nest, uniq_erica
D:11:     layout_small_grid, hellmonk_ghost_happy_afterlife, uniq_psyche
Lair:1:   cheibrodos_lair_river_kwai, layout_chaotic_city,
          nicolae_lair_grove_arrangements, beast_lair_carwin_2,
          serial_bayou_shore_a, uniq_prince_ribbit2
Lair:2:   layout_regular_city, spider_nest_entry_funnel_web

Skill      XL: |  1  2  3  4  5  6  7  8  9 10 11 |
---------------+----------------------------------+-----
Spellcasting   | 5 6 7 8 |  8.4
Invocations    | 1 2 3 4 5 6 7 |  7.3
Long Blades    | 1 2 4 5 6 |  6.6
Axes           | 1 2 4 5 6 |  6.6
Maces & Flails | 1 2 4 5 6 |  6.6
Polearms       | 1 2 4 5 6 |  6.6
Staves         | 1 2 4 5 6 |  6.6
Slings         | 1 2 4 5 6 |  6.6
Bows           | 1 2 4 5 6 |  6.6
Crossbows      | 1 2 4 5 6 |  6.6
Throwing       | 1 2 4 5 6 |  6.6
Stealth        | 1 2 4 5 6 |  6.6
Shields        | 1 2 4 5 6 |  6.6
Unarmed Combat | 1 2 4 5 6 |  6.6
Evocations     | 1 2 4 5 6 |  6.6
Conjurations   | 1 2 3 4 5 |  5.5
Hexes          | 1 2 3 4 5 |  5.5
Summonings     | 1 2 3 4 5 |  5.5
Necromancy     | 1 2 3 4 5 |  5.5
Translocations | 1 2 3 4 5 |  5.5
Transmutations | 1 2 3 4 5 |  5.5
Fire Magic     | 1 2 3 4 5 |  5.5
Ice Magic      | 1 2 3 4 5 |  5.5
Air Magic      | 1 2 3 4 5 |  5.5
Earth Magic    | 1 2 3 4 5 |  5.5
Poison Magic   | 1 2 3 4 5 |  5.5
Armour         | 3 4 5 6 7 |  7.2
Fighting       | 5 6 7 8 |  8.1
Short Blades   | 5 6 7 8 |  8.1
Dodging        | 5 6 7 8 |  8.1
Charms         | 6 7 |  7.8

Action                   |  1- 3 |  4- 6 |  7- 9 | 10-12 || total
-------------------------+-------+-------+-------+-------++-------
Melee: Short sword       |    96 |   114 |    18 |   281 ||   509
       Bite              |     9 |    17 |    18 |    39 ||    83
       Punch             |       |     2 |     1 |    12 ||    15
       Quarterstaff      |       |    35 |    71 |       ||   106
       Falchion          |       |       |    67 |    16 ||    83
       Scimitar          |       |       |       |    28 ||    28
Throw: Stone             |     2 |    14 |     5 |     1 ||    22
       Dart              |       |       |       |    19 ||    19
 Cast: Infusion          |     6 |       |       |     2 ||     8
       Shroud of Golubri |     4 |     4 |     8 |    20 ||    36
       Song of Slaying   |     1 |     2 |     1 |     3 ||     7
       Regeneration      |     1 |     5 |     8 |    14 ||    28
       Spectral Weapon   |       |     8 |    21 |    44 ||    73
       Magic Dart        |       |       |    11 |       ||    11
       Mephitic Cloud    |       |       |     1 |     3 ||     4
       Conjure Flame     |       |       |     1 |       ||     1
       Summon Lightning  |       |       |       |    21 ||    21
Invok: Shadow Step       |       |       |       |     1 ||     1
  Use: Scroll            |       |       |     6 |     3 ||     9
       Potion            |       |       |       |     7 ||     7
 Stab: Sleeping          |       |     4 |     8 |     5 ||    17
       Distracted        |       |     1 |     3 |     5 ||     9
       Paralysed         |       |       |     1 |       ||     1
       Confused          |       |       |     1 |       ||     1
  Eat: Chunk             |       |     9 |     9 |    17 ||    35
Armor: Leather armour    |    20 |    14 |    22 |    32 ||    88
       Troll leather arm |       |       |       |    19 ||    19
Dodge: Dodged            |    68 |   126 |   133 |   239 ||   566
       Rpst.: Falchion   |       |       |    16 |     8 ||    24
       Scimitar          |       |       |       |    12 ||    12
